[ PARTIDA AOE2 · #483529142 ]
Team RMCeltas vs Goths
[ ANÁLISIS DE REPETICIÓN · EXTRAÍDO DE LA PARTIDA GRABADA ]
Feudal
13:08
Castillos
17:55
Imperial
42:31
| APM promedio | 26.6 |
| APM pico | 57 |
| eAPM promedio | 18.4 |
| Aldeanos / militares | 134 / 591 |
Foco
⚔️ 40.3% · 🌾 59.7%
Spearman ×273 · Knight ×148 · Cavalry Archer ×104 · Battering Ram ×36 · Woad Raider ×15 · Archer ×10
Feudal
11:13
Castillos
19:21
Imperial
32:16
| APM promedio | 23.1 |
| APM pico | 83 |
| eAPM promedio | 14.4 |
| Aldeanos / militares | 105 / 263 |
Foco
⚔️ 47.0% · 🌾 53.0%
Scout Cavalry ×146 · Cavalry Archer ×79 · Bombard Cannon ×24 · Camel Scout ×7 · Monk ×5 · Trade Cart ×3
Feudal
11:52
Castillos
18:59
Imperial
32:58
| APM promedio | 15.3 |
| APM pico | 36 |
| eAPM promedio | 12.8 |
| Aldeanos / militares | 141 / 221 |
Foco
⚔️ 36.9% · 🌾 63.1%
Skirmisher ×85 · Spearman ×62 · Hand Cannoneer ×26 · Archer ×10 · Knight ×10 · Bombard Cannon ×10
Feudal
11:07
Castillos
18:13
Imperial
32:14
| APM promedio | 46.9 |
| APM pico | 108 |
| eAPM promedio | 26.3 |
| Aldeanos / militares | 231 / 402 |
Foco
⚔️ 45.1% · 🌾 54.9%
Scout Cavalry ×176 · Knight ×172 · Obuch ×27 · Scorpion ×9 · Bombard Cannon ×7 · Trebuchet (Packed) ×5
Feudal
11:50
Castillos
17:15
Imperial
—
| APM promedio | 8.8 |
| APM pico | 42 |
| eAPM promedio | 4.2 |
| Aldeanos / militares | 84 / 7 |
Foco
⚔️ 10.9% · 🌾 89.1%
Huskarl ×4 · Spearman ×3
Feudal
11:11
Castillos
18:37
Imperial
32:48
| APM promedio | 43.5 |
| APM pico | 158 |
| eAPM promedio | 19.8 |
| Aldeanos / militares | 120 / 674 |
Foco
⚔️ 36.8% · 🌾 63.2%
Skirmisher ×305 · Knight ×172 · Spearman ×161 · Cavalry Archer ×25 · War Elephant ×8 · Monk ×3
Mapa de la partida
Recursos iniciales + cada clic de construcción. Líneas = muros · curvas = relieve. ◆ oro · ⬟ piedra · ● bayas · ✦ reliquia · ◌ hueco del cierre
Tu base· ✓ Cerrada en 17:55 · 0t muro · 2 puerta(s)
Base de kongqman· ✓ Cerrada en 19:21 · 0t muro · 2 puerta(s)
Base de vladimir· ✓ Cerrada en 18:59 · 30t muro · 5 puerta(s)
Base de PokeYourMumMaster· ✓ Cerrada en 18:13 · 0t muro · 2 puerta(s)
Base de 有歪歪来一起吼吼打帝· ✓ Cerrada en 17:15 · 0t muro · 3 puerta(s)
Base de Yuanchi· ✓ Cerrada en 18:37 · 0t muro · 2 puerta(s)
Terreno inicial suavizado · ◌ = hueco del cierre detectado · pasá el cursor para detalles
Inputs por minuto
— COCO - - kongqman
Build order — COCO
Primeras 150 de 543 acciones detectadas
| 0:03 | Crear | Villager (Male) |
| 0:03 | Crear | Villager (Male) |
| 0:03 | Crear | Villager (Male) |
| 0:04 | Crear | Villager (Male) |
| 0:04 | Crear | Villager (Male) |
| 0:07 | Construir | House |
| 0:21 | Construir | House |
| 0:22 | Construir | House |
| 0:24 | Construir | House |
| 1:27 | Crear | Villager (Male) |
| 2:13 | Crear | Villager (Male) |
| 2:13 | Crear | Villager (Male) |
| 2:37 | Crear | Villager (Male) |
| 2:48 | Crear | Villager (Male) |
| 2:49 | Crear | Villager (Male) |
| 2:49 | Crear | Villager (Male) |
| 3:22 | Crear | Villager (Male) |
| 3:22 | Crear | Villager (Male) |
| 3:23 | Crear | Villager (Male) |
| 3:43 | Crear | Villager (Male) |
| 3:43 | Crear | Villager (Male) |
| 4:09 | Crear | Villager (Male) |
| 4:09 | Crear | Villager (Male) |
| 4:09 | Crear | Villager (Male) |
| 4:34 | Construir | Mill |
| 4:35 | Crear | Villager (Male) |
| 4:36 | Crear | Villager (Male) |
| 4:44 | Crear | Villager (Male) |
| 5:04 | Crear | Villager (Male) |
| 5:17 | Crear | Villager (Male) |
| 5:18 | Crear | Villager (Male) |
| 5:18 | Crear | Villager (Male) |
| 5:40 | Crear | Villager (Male) |
| 5:40 | Crear | Villager (Male) |
| 5:40 | Crear | Villager (Male) |
| 6:14 | Construir | Mill |
| 6:46 | Crear | Villager (Male) |
| 6:46 | Crear | Villager (Male) |
| 6:46 | Crear | Villager (Male) |
| 6:46 | Crear | Villager (Male) |
| 7:11 | Crear | Villager (Male) |
| 7:12 | Crear | Villager (Male) |
| 7:12 | Crear | Villager (Male) |
| 7:21 | Construir | House |
| 7:25 | Construir | Lumber Camp |
| 9:02 | Crear | Villager (Male) |
| 9:23 | Construir | Mining Camp |
| 9:38 | Investigar | Feudal Age |
| 10:00 | Construir | House |
| 10:01 | Construir | House |
| 10:31 | Construir | Mill |
| 10:47 | Construir | Mining Camp |
| 11:05 | Construir | Barracks |
| 11:22 | Crear | Villager (Male) |
| 11:22 | Crear | Villager (Male) |
| 13:08 | Edad | Edad Feudal |
| 13:14 | Construir | Blacksmith |
| 13:19 | Construir | Archery Range |
| 13:47 | Construir | Farm |
| 13:49 | Construir | Farm |
| 13:51 | Construir | Farm |
| 13:52 | Construir | Farm |
| 13:53 | Construir | Farm |
| 13:54 | Construir | Farm |
| 13:55 | Construir | Farm |
| 14:10 | Crear | Archer |
| 14:11 | Crear | Archer |
| 14:13 | Crear | Archer |
| 14:15 | Crear | Archer |
| 15:15 | Investigar | Castle Age |
| 15:16 | Investigar | Castle Age |
| 15:26 | Construir | Farm |
| 15:31 | Construir | Farm |
| 15:34 | Investigar | Horse Collar |
| 15:54 | Crear | Skirmisher |
| 15:57 | Crear | Archer |
| 15:57 | Crear | Archer |
| 16:01 | Investigar | Double-Bit Axe |
| 16:24 | Crear | Spearman |
| 16:24 | Crear | Spearman |
| 16:39 | Construir | Farm |
| 16:55 | Construir | House |
| 16:56 | Construir | House |
| 17:01 | Investigar | Forging |
| 17:14 | Crear | Spearman |
| 17:27 | Crear | Archer |
| 17:27 | Crear | Archer |
| 17:30 | Crear | Archer |
| 17:36 | Investigar | Padded Archer Armor |
| 17:44 | Crear | Villager (Male) |
| 17:44 | Crear | Villager (Male) |
| 17:55 | Edad | Edad de los Castillos |
| 18:27 | Crear | Archer |
| 18:31 | Investigar | Crossbowman (upgrade) |
| 18:54 | Construir | Stone Wall |
| 19:27 | Construir | Stone Wall |
| 19:54 | Construir | Castle |
| 20:08 | Crear | Villager (Male) |
| 20:08 | Crear | Villager (Male) |
| 20:09 | Crear | Villager (Male) |
| 20:09 | Crear | Villager (Male) |
| 20:09 | Crear | Villager (Male) |
| 20:10 | Crear | Villager (Male) |
| 20:21 | Construir | Mill |
| 20:26 | Construir | Siege Workshop |
| 20:29 | Construir | Stable |
| 20:34 | Construir | Stable |
| 20:54 | Investigar | Stone Mining |
| 21:28 | Crear | Knight |
| 21:28 | Crear | Knight |
| 21:28 | Crear | Knight |
| 21:44 | Construir | Farm |
| 21:50 | Construir | Farm |
| 21:56 | Crear | Battering Ram |
| 21:57 | Crear | Battering Ram |
| 22:11 | Crear | Villager (Male) |
| 22:11 | Crear | Villager (Male) |
| 22:17 | Construir | Farm |
| 22:18 | Construir | Farm |
| 22:19 | Construir | Farm |
| 22:30 | Crear | Battering Ram |
| 22:48 | Crear | Villager (Male) |
| 22:48 | Crear | Villager (Male) |
| 22:49 | Crear | Villager (Male) |
| 23:09 | Investigar | Husbandry |
| 23:31 | Crear | Villager (Male) |
| 23:31 | Crear | Villager (Male) |
| 23:32 | Crear | Villager (Male) |
| 23:32 | Crear | Villager (Male) |
| 23:44 | Construir | Stone Wall |
| 23:54 | Crear | Battering Ram |
| 23:54 | Crear | Battering Ram |
| 23:54 | Crear | Battering Ram |
| 24:00 | Crear | Villager (Male) |
| 24:07 | Construir | Town Center |
| 24:13 | Investigar | Scale Barding Armor |
| 24:27 | Crear | Villager (Male) |
| 24:44 | Crear | Knight |
| 24:45 | Crear | Knight |
| 25:33 | Crear | Battering Ram |
| 25:33 | Crear | Battering Ram |
| 25:46 | Crear | Villager (Male) |
| 25:47 | Crear | Villager (Male) |
| 25:47 | Crear | Villager (Male) |
| 26:06 | Crear | Knight |
| 26:06 | Crear | Knight |
| 26:06 | Crear | Knight |
| 26:41 | Construir | Farm |
| 26:43 | Crear | Villager (Male) |
| 26:43 | Crear | Villager (Male) |
Build order — kongqman
Primeras 150 de 530 acciones detectadas
| 0:02 | Crear | Villager (Male) |
| 0:02 | Crear | Villager (Male) |
| 0:03 | Crear | Villager (Male) |
| 0:06 | Construir | House |
| 0:11 | Construir | House |
| 1:06 | Crear | Villager (Male) |
| 1:07 | Crear | Villager (Male) |
| 1:39 | Crear | Villager (Male) |
| 1:46 | Investigar | Loom |
| 2:04 | Crear | Villager (Male) |
| 2:15 | Crear | Villager (Male) |
| 3:05 | Crear | Villager (Male) |
| 3:49 | Crear | Villager (Male) |
| 4:05 | Construir | House |
| 4:13 | Crear | Villager (Male) |
| 4:44 | Crear | Villager (Male) |
| 5:33 | Construir | Lumber Camp |
| 5:44 | Crear | Villager (Male) |
| 6:13 | Crear | Villager (Male) |
| 6:23 | Crear | Villager (Male) |
| 6:30 | Construir | House |
| 6:50 | Construir | Mill |
| 7:02 | Crear | Villager (Male) |
| 7:25 | Crear | Villager (Male) |
| 8:04 | Crear | Villager (Male) |
| 8:25 | Crear | Villager (Male) |
| 9:03 | Investigar | Feudal Age |
| 9:09 | Construir | Mining Camp |
| 9:34 | Construir | Barracks |
| 9:37 | Construir | House |
| 10:35 | Crear | Villager (Male) |
| 10:35 | Crear | Villager (Male) |
| 11:13 | Edad | Edad Feudal |
| 11:18 | Investigar | Double-Bit Axe |
| 11:23 | Construir | Stable |
| 11:29 | Investigar | Horse Collar |
| 11:35 | Construir | Farm |
| 11:39 | Crear | Villager (Male) |
| 11:46 | Construir | Farm |
| 12:06 | Construir | Farm |
| 12:20 | Crear | Villager (Male) |
| 12:27 | Construir | House |
| 12:49 | Construir | Blacksmith |
| 12:56 | Crear | Villager (Male) |
| 13:20 | Crear | Villager (Male) |
| 13:32 | Construir | Farm |
| 13:35 | Construir | Farm |
| 13:42 | Crear | Villager (Male) |
| 13:48 | Construir | House |
| 14:02 | Crear | Villager (Male) |
| 14:32 | Crear | Villager (Male) |
| 14:46 | Construir | Farm |
| 14:49 | Construir | Farm |
| 15:04 | Crear | Villager (Male) |
| 15:12 | Construir | Farm |
| 15:17 | Construir | Farm |
| 15:23 | Construir | Farm |
| 15:25 | Crear | Villager (Male) |
| 15:36 | Construir | Farm |
| 15:51 | Crear | Villager (Male) |
| 15:58 | Construir | House |
| 16:05 | Construir | Farm |
| 16:17 | Construir | Farm |
| 16:25 | Construir | Farm |
| 16:41 | Investigar | Castle Age |
| 16:46 | Construir | Archery Range |
| 17:00 | Construir | Farm |
| 17:04 | Construir | Farm |
| 17:47 | Investigar | Fletching |
| 17:48 | Investigar | Forging |
| 17:55 | Construir | House |
| 18:05 | Crear | Villager (Male) |
| 18:05 | Crear | Villager (Male) |
| 18:35 | Construir | House |
| 18:45 | Crear | Villager (Male) |
| 19:21 | Edad | Edad de los Castillos |
| 19:26 | Construir | Monastery |
| 19:30 | Crear | Cavalry Archer |
| 19:30 | Crear | Cavalry Archer |
| 19:31 | Crear | Cavalry Archer |
| 19:36 | Crear | Villager (Male) |
| 20:07 | Construir | Town Center |
| 20:22 | Construir | Town Center |
| 20:26 | Crear | Villager (Male) |
| 20:32 | Crear | Monk |
| 20:41 | Crear | Cavalry Archer |
| 20:45 | Investigar | Bodkin Arrow |
| 20:52 | Crear | Villager (Male) |
| 21:28 | Crear | Cavalry Archer |
| 21:34 | Crear | Villager (Male) |
| 21:48 | Construir | University |
| 21:53 | Crear | Villager (Male) |
| 21:58 | Crear | Villager (Male) |
| 21:59 | Crear | Villager (Male) |
| 22:10 | Crear | Villager (Male) |
| 22:17 | Crear | Villager (Male) |
| 22:17 | Crear | Villager (Male) |
| 22:23 | Crear | Monk |
| 22:48 | Crear | Villager (Male) |
| 22:48 | Crear | Villager (Male) |
| 22:50 | Crear | Villager (Male) |
| 22:51 | Crear | Villager (Male) |
| 22:54 | Investigar | Wheelbarrow |
| 22:59 | Construir | Farm |
| 23:06 | Crear | Villager (Male) |
| 23:17 | Construir | Archery Range |
| 23:26 | Construir | House |
| 23:29 | Construir | House |
| 23:32 | Construir | House |
| 23:41 | Crear | Villager (Male) |
| 23:41 | Crear | Villager (Male) |
| 23:51 | Crear | Villager (Male) |
| 23:51 | Crear | Villager (Male) |
| 23:52 | Investigar | Town Watch |
| 24:04 | Crear | Cavalry Archer |
| 24:04 | Crear | Cavalry Archer |
| 24:12 | Investigar | Scale Barding Armor |
| 24:19 | Crear | Villager (Male) |
| 24:23 | Crear | Villager (Male) |
| 24:31 | Crear | Villager (Male) |
| 24:32 | Crear | Villager (Male) |
| 24:37 | Construir | Stable |
| 24:47 | Crear | Villager (Male) |
| 24:54 | Construir | Farm |
| 25:03 | Construir | Mining Camp |
| 25:18 | Crear | Villager (Male) |
| 25:27 | Crear | Villager (Male) |
| 25:30 | Crear | Villager (Male) |
| 25:30 | Crear | Villager (Male) |
| 25:35 | Crear | Villager (Male) |
| 25:35 | Crear | Villager (Male) |
| 25:48 | Construir | Lumber Camp |
| 26:05 | Crear | Villager (Male) |
| 26:08 | Crear | Villager (Male) |
| 26:08 | Crear | Villager (Male) |
| 26:12 | Crear | Villager (Male) |
| 26:18 | Construir | House |
| 26:25 | Construir | House |
| 26:36 | Crear | Villager (Male) |
| 26:40 | Construir | Farm |
| 26:45 | Construir | Farm |
| 26:48 | Crear | Villager (Male) |
| 26:54 | Crear | Villager (Male) |
| 27:07 | Construir | Castle |
| 27:16 | Construir | House |
| 27:19 | Construir | House |
| 27:22 | Construir | House |
| 27:32 | Construir | Market |
| 27:36 | Crear | Villager (Male) |
| 27:36 | Crear | Villager (Male) |
Build order — vladimir
Primeras 150 de 412 acciones detectadas
| 0:01 | Crear | Villager (Male) |
| 0:02 | Crear | Villager (Male) |
| 0:03 | Construir | House |
| 0:04 | Construir | House |
| 0:06 | Construir | House |
| 0:16 | Crear | Villager (Male) |
| 1:30 | Crear | Villager (Male) |
| 1:41 | Crear | Villager (Male) |
| 2:13 | Crear | Villager (Male) |
| 2:33 | Crear | Villager (Male) |
| 2:50 | Construir | Lumber Camp |
| 3:01 | Crear | Villager (Male) |
| 3:31 | Crear | Villager (Male) |
| 3:40 | Crear | Villager (Male) |
| 4:09 | Crear | Villager (Male) |
| 4:38 | Crear | Villager (Male) |
| 4:57 | Crear | Villager (Male) |
| 5:21 | Construir | Mill |
| 5:40 | Construir | House |
| 5:42 | Construir | House |
| 6:01 | Crear | Villager (Male) |
| 6:08 | Crear | Villager (Male) |
| 6:27 | Construir | Mill |
| 6:34 | Crear | Villager (Male) |
| 6:47 | Crear | Villager (Male) |
| 7:06 | Crear | Villager (Male) |
| 7:48 | Construir | Mill |
| 7:54 | Investigar | Loom |
| 7:57 | Crear | Villager (Male) |
| 8:28 | Crear | Villager (Male) |
| 8:46 | Crear | Villager (Male) |
| 8:55 | Investigar | Feudal Age |
| 9:20 | Construir | Mining Camp |
| 10:39 | Crear | Villager (Male) |
| 10:53 | Construir | Barracks |
| 11:27 | Construir | Lumber Camp |
| 11:52 | Edad | Edad Feudal |
| 12:03 | Crear | Spearman |
| 12:08 | Crear | Villager (Male) |
| 12:18 | Investigar | Double-Bit Axe |
| 12:20 | Investigar | Horse Collar |
| 12:28 | Construir | Stone Wall |
| 12:32 | Construir | Stone Wall |
| 12:35 | Crear | Villager (Male) |
| 12:42 | Construir | Farm |
| 12:50 | Construir | House |
| 12:52 | Construir | House |
| 13:02 | Construir | Archery Range |
| 13:17 | Crear | Villager (Male) |
| 13:26 | Construir | Blacksmith |
| 13:32 | Crear | Villager (Male) |
| 13:37 | Construir | Farm |
| 13:58 | Crear | Spearman |
| 14:09 | Crear | Villager (Male) |
| 14:09 | Crear | Villager (Male) |
| 14:18 | Construir | Mining Camp |
| 14:23 | Construir | Farm |
| 14:26 | Construir | Farm |
| 14:30 | Construir | Farm |
| 14:56 | Crear | Villager (Male) |
| 15:03 | Construir | Farm |
| 15:04 | Construir | Farm |
| 15:14 | Construir | Farm |
| 15:17 | Construir | Farm |
| 15:21 | Construir | Farm |
| 15:28 | Crear | Villager (Male) |
| 15:43 | Construir | Farm |
| 16:00 | Construir | Stone Wall |
| 16:19 | Investigar | Castle Age |
| 16:35 | Construir | House |
| 16:37 | Construir | House |
| 16:39 | Construir | House |
| 16:41 | Construir | House |
| 16:47 | Construir | Gate |
| 17:02 | Construir | Gate |
| 17:22 | Investigar | Fletching |
| 17:24 | Investigar | Padded Archer Armor |
| 17:27 | Crear | Archer |
| 17:28 | Crear | Archer |
| 17:28 | Crear | Archer |
| 17:29 | Crear | Archer |
| 17:29 | Crear | Archer |
| 18:59 | Edad | Edad de los Castillos |
| 19:00 | Crear | Villager (Male) |
| 19:04 | Construir | Town Center |
| 19:21 | Construir | Monastery |
| 19:32 | Investigar | Bodkin Arrow |
| 19:38 | Investigar | Crossbowman (upgrade) |
| 19:55 | Crear | Villager (Male) ×5 |
| 20:09 | Crear | Monk |
| 20:23 | Crear | Monk |
| 20:36 | Investigar | Bow Saw |
| 20:42 | Crear | Villager (Male) |
| 21:10 | Crear | Villager (Male) ×3 |
| 21:19 | Construir | Town Center |
| 21:40 | Investigar | Heavy Plow |
| 22:21 | Crear | Villager (Male) ×4 |
| 22:31 | Construir | Town Center |
| 22:33 | Construir | Farm |
| 22:33 | Construir | Farm |
| 22:33 | Construir | Farm |
| 22:34 | Construir | Farm |
| 22:34 | Construir | Farm |
| 22:34 | Construir | Farm |
| 22:44 | Construir | Farm |
| 22:49 | Construir | Farm |
| 23:06 | Construir | House |
| 23:07 | Construir | House |
| 23:08 | Construir | House |
| 23:09 | Construir | House |
| 23:09 | Construir | House |
| 23:10 | Construir | House |
| 23:11 | Construir | House |
| 23:12 | Construir | House |
| 23:14 | Construir | House |
| 23:24 | Crear | Villager (Male) ×5 |
| 24:19 | Crear | Villager (Male) |
| 24:21 | Investigar | Wheelbarrow |
| 24:22 | Crear | Villager (Male) ×2 |
| 24:26 | Construir | Farm |
| 24:26 | Construir | Farm |
| 24:27 | Construir | Farm |
| 24:27 | Construir | Farm |
| 24:27 | Construir | Farm |
| 24:27 | Construir | Farm |
| 24:35 | Crear | Villager (Male) |
| 24:47 | Crear | Villager (Male) ×2 |
| 24:50 | Crear | Villager (Male) |
| 25:14 | Crear | Villager (Male) ×3 |
| 25:33 | Construir | House |
| 25:35 | Construir | House |
| 25:37 | Construir | House |
| 25:38 | Construir | House |
| 25:40 | Construir | House |
| 25:42 | Construir | House |
| 25:43 | Construir | House |
| 25:44 | Construir | House |
| 25:45 | Construir | House |
| 25:46 | Construir | House |
| 25:51 | Crear | Villager (Male) ×5 |
| 25:58 | Construir | Mill |
| 26:00 | Construir | Farm |
| 26:01 | Construir | Farm |
| 26:01 | Construir | Farm |
| 26:01 | Construir | Farm |
| 26:02 | Construir | Farm |
| 26:02 | Construir | Farm |
| 26:02 | Construir | Farm |
| 26:03 | Construir | Farm |
| 26:03 | Construir | Farm |
Build order — PokeYourMumMaster
Primeras 150 de 868 acciones detectadas
| 0:01 | Crear | Villager (Male) |
| 0:02 | Crear | Villager (Male) |
| 0:02 | Crear | Villager (Male) |
| 0:04 | Construir | House |
| 0:07 | Construir | House |
| 0:14 | Crear | Villager (Male) |
| 0:14 | Crear | Villager (Male) |
| 0:14 | Crear | Villager (Male) |
| 1:33 | Crear | Villager (Male) |
| 1:33 | Crear | Villager (Male) |
| 1:34 | Crear | Villager (Male) |
| 2:27 | Crear | Villager (Male) |
| 2:27 | Crear | Villager (Male) |
| 2:27 | Crear | Villager (Male) |
| 2:54 | Crear | Villager (Male) |
| 2:55 | Crear | Villager (Male) |
| 2:55 | Crear | Villager (Male) |
| 3:09 | Construir | Lumber Camp |
| 3:49 | Crear | Villager (Male) |
| 3:49 | Crear | Villager (Male) |
| 4:22 | Construir | House |
| 4:26 | Crear | Villager (Male) |
| 5:10 | Crear | Villager (Male) |
| 5:32 | Crear | Villager (Male) |
| 5:33 | Crear | Villager (Male) |
| 5:36 | Crear | Villager (Male) |
| 5:51 | Construir | Mill |
| 5:55 | Crear | Villager (Male) |
| 7:32 | Construir | Mining Camp |
| 7:42 | Crear | Villager (Male) |
| 8:01 | Crear | Villager (Male) |
| 8:11 | Crear | Villager (Male) |
| 8:34 | Construir | Mill |
| 8:46 | Investigar | Feudal Age |
| 9:12 | Construir | Farm |
| 9:49 | Construir | Lumber Camp |
| 10:50 | Crear | Villager (Male) |
| 10:51 | Crear | Villager (Male) |
| 11:05 | Construir | Mill |
| 11:07 | Edad | Edad Feudal |
| 11:14 | Construir | Farm |
| 11:18 | Investigar | Double-Bit Axe |
| 11:22 | Investigar | Horse Collar |
| 11:31 | Construir | Farm |
| 11:37 | Construir | Farm |
| 11:40 | Crear | Villager (Male) |
| 11:41 | Crear | Villager (Male) |
| 11:51 | Construir | Farm |
| 11:52 | Crear | Villager (Male) |
| 12:03 | Construir | Farm |
| 12:04 | Crear | Villager (Male) |
| 12:10 | Investigar | Stone Mining |
| 12:23 | Crear | Villager (Male) |
| 12:27 | Construir | Farm |
| 12:30 | Crear | Villager (Male) |
| 12:50 | Construir | Farm |
| 13:10 | Crear | Villager (Male) |
| 13:22 | Construir | Market |
| 13:34 | Crear | Villager (Male) |
| 13:38 | Crear | Villager (Male) |
| 13:44 | Crear | Villager (Male) |
| 13:55 | Construir | Blacksmith |
| 13:58 | Construir | House |
| 13:59 | Construir | House |
| 14:10 | Construir | House |
| 14:17 | Crear | Villager (Male) |
| 14:29 | Construir | Farm |
| 14:34 | Construir | Farm |
| 14:43 | Crear | Villager (Male) |
| 14:59 | Construir | Farm |
| 15:08 | Crear | Villager (Male) |
| 15:11 | Construir | Farm |
| 15:15 | Crear | Villager (Male) |
| 15:34 | Investigar | Castle Age |
| 15:44 | Crear | Villager (Male) |
| 16:21 | Construir | Mill |
| 16:55 | Construir | Farm |
| 16:57 | Crear | Villager (Male) |
| 17:14 | Crear | Villager (Male) |
| 17:17 | Crear | Villager (Male) |
| 17:24 | Crear | Villager (Male) |
| 18:13 | Edad | Edad de los Castillos |
| 18:24 | Construir | Town Center |
| 18:32 | Crear | Villager (Male) |
| 18:32 | Crear | Villager (Male) |
| 18:51 | Construir | Town Center |
| 18:59 | Construir | Mill |
| 19:05 | Crear | Villager (Male) |
| 19:05 | Crear | Villager (Male) |
| 19:48 | Construir | Castle |
| 19:52 | Crear | Villager (Male) |
| 20:03 | Crear | Villager (Male) |
| 20:04 | Crear | Villager (Male) |
| 20:05 | Crear | Villager (Male) |
| 20:11 | Investigar | Wheelbarrow |
| 20:13 | Investigar | Loom |
| 20:20 | Investigar | Heavy Plow |
| 20:33 | Construir | Farm |
| 20:36 | Construir | Farm |
| 20:41 | Construir | Farm |
| 20:44 | Construir | Farm |
| 20:47 | Investigar | Bow Saw |
| 20:55 | Construir | Farm |
| 21:01 | Construir | Farm |
| 21:07 | Construir | Farm |
| 21:09 | Crear | Villager (Male) |
| 21:09 | Crear | Villager (Male) |
| 21:26 | Crear | Villager (Male) |
| 21:28 | Crear | Villager (Male) |
| 21:28 | Crear | Villager (Male) |
| 21:58 | Construir | Town Center |
| 22:00 | Crear | Villager (Male) |
| 22:01 | Crear | Villager (Male) |
| 22:01 | Crear | Villager (Male) |
| 22:01 | Crear | Villager (Male) |
| 22:07 | Construir | Farm |
| 22:11 | Construir | Farm |
| 22:15 | Construir | Farm |
| 22:22 | Crear | Villager (Male) |
| 22:22 | Crear | Villager (Male) |
| 22:22 | Crear | Villager (Male) |
| 22:24 | Crear | Villager (Male) |
| 22:25 | Crear | Villager (Male) |
| 22:34 | Construir | Monastery |
| 22:37 | Crear | Villager (Male) |
| 22:37 | Crear | Villager (Male) |
| 22:38 | Crear | Villager (Male) |
| 22:42 | Construir | Farm |
| 22:43 | Crear | Villager (Male) |
| 22:43 | Crear | Villager (Male) |
| 22:43 | Crear | Villager (Male) |
| 22:53 | Construir | Farm |
| 22:55 | Construir | Farm |
| 22:57 | Construir | Farm |
| 22:58 | Crear | Villager (Male) |
| 22:59 | Crear | Villager (Male) |
| 22:59 | Crear | Villager (Male) |
| 23:05 | Crear | Villager (Male) |
| 23:05 | Crear | Villager (Male) |
| 23:13 | Construir | Mill |
| 23:14 | Crear | Villager (Male) |
| 23:14 | Crear | Villager (Male) |
| 23:33 | Construir | Mining Camp |
| 23:37 | Investigar | Stone Shaft Mining |
| 23:38 | Crear | Villager (Male) |
| 23:38 | Crear | Villager (Male) |
| 23:43 | Crear | Villager (Male) |
| 23:43 | Crear | Villager (Male) |
| 23:44 | Crear | Villager (Male) |
| 23:55 | Construir | Farm |
Build order — 有歪歪来一起吼吼打帝
141 acciones detectadas en el replay
| 0:02 | Crear | Villager (Male) |
| 0:15 | Construir | House |
| 0:34 | Investigar | Loom |
| 0:34 | Investigar | Loom |
| 0:38 | Crear | Villager (Male) |
| 0:38 | Crear | Villager (Male) |
| 0:39 | Crear | Villager (Male) |
| 0:39 | Crear | Villager (Male) |
| 0:39 | Crear | Villager (Male) |
| 1:14 | Construir | House |
| 1:56 | Construir | Lumber Camp |
| 2:01 | Crear | Villager (Male) |
| 2:02 | Crear | Villager (Male) |
| 2:28 | Crear | Villager (Male) |
| 2:29 | Crear | Villager (Male) |
| 2:29 | Crear | Villager (Male) |
| 2:29 | Crear | Villager (Male) |
| 2:30 | Crear | Villager (Male) |
| 2:30 | Crear | Villager (Male) |
| 2:42 | Construir | House |
| 2:49 | Crear | Villager (Male) |
| 2:50 | Crear | Villager (Male) |
| 3:26 | Crear | Villager (Male) |
| 3:26 | Crear | Villager (Male) |
| 3:27 | Crear | Villager (Male) |
| 3:36 | Crear | Villager (Male) |
| 3:37 | Crear | Villager (Male) |
| 3:56 | Construir | House |
| 4:16 | Crear | Villager (Male) |
| 4:16 | Crear | Villager (Male) |
| 4:16 | Crear | Villager (Male) |
| 5:30 | Crear | Villager (Male) |
| 5:30 | Crear | Villager (Male) |
| 5:31 | Crear | Villager (Male) |
| 5:31 | Crear | Villager (Male) |
| 5:31 | Crear | Villager (Male) |
| 5:32 | Crear | Villager (Male) |
| 6:00 | Crear | Villager (Male) |
| 6:00 | Crear | Villager (Male) |
| 6:00 | Crear | Villager (Male) |
| 6:05 | Crear | Villager (Male) |
| 6:05 | Crear | Villager (Male) |
| 6:12 | Construir | House |
| 6:27 | Crear | Villager (Male) |
| 6:27 | Crear | Villager (Male) |
| 6:27 | Crear | Villager (Male) |
| 6:28 | Crear | Villager (Male) |
| 6:53 | Crear | Villager (Male) |
| 6:53 | Crear | Villager (Male) |
| 6:54 | Crear | Villager (Male) |
| 6:54 | Crear | Villager (Male) |
| 6:54 | Crear | Villager (Male) |
| 7:14 | Construir | Mill |
| 7:40 | Crear | Villager (Male) |
| 7:40 | Crear | Villager (Male) |
| 8:16 | Crear | Villager (Male) |
| 8:16 | Crear | Villager (Male) |
| 8:16 | Crear | Villager (Male) |
| 8:16 | Crear | Villager (Male) |
| 8:20 | Crear | Villager (Male) |
| 8:20 | Crear | Villager (Male) |
| 8:20 | Crear | Villager (Male) |
| 8:21 | Crear | Villager (Male) |
| 8:21 | Crear | Villager (Male) |
| 8:52 | Crear | Villager (Male) |
| 8:53 | Crear | Villager (Male) |
| 8:57 | Crear | Villager (Male) |
| 8:57 | Crear | Villager (Male) |
| 8:57 | Crear | Villager (Male) |
| 8:57 | Crear | Villager (Male) |
| 8:59 | Crear | Villager (Male) |
| 8:59 | Crear | Villager (Male) |
| 9:11 | Crear | Villager (Male) |
| 9:19 | Construir | Mining Camp |
| 9:38 | Investigar | Feudal Age |
| 9:38 | Investigar | Feudal Age |
| 9:39 | Investigar | Feudal Age |
| 9:48 | Construir | Farm |
| 9:49 | Construir | Farm |
| 9:51 | Construir | Farm |
| 9:53 | Construir | Farm |
| 10:00 | Construir | Mining Camp |
| 10:55 | Construir | Lumber Camp |
| 11:12 | Construir | Farm |
| 11:18 | Construir | Farm |
| 11:50 | Edad | Edad Feudal |
| 11:53 | Crear | Villager (Male) |
| 11:54 | Crear | Villager (Male) |
| 11:54 | Crear | Villager (Male) |
| 12:27 | Construir | Blacksmith |
| 12:32 | Crear | Villager (Male) |
| 13:16 | Construir | Market |
| 13:22 | Crear | Villager (Male) |
| 13:38 | Construir | Farm |
| 14:07 | Construir | Farm |
| 14:10 | Crear | Villager (Male) |
| 14:19 | Construir | House |
| 14:21 | Construir | House |
| 14:29 | Investigar | Castle Age |
| 15:05 | Construir | Barracks |
| 15:41 | Investigar | Horse Collar |
| 15:45 | Investigar | Double-Bit Axe |
| 15:45 | Investigar | Double-Bit Axe |
| 17:15 | Edad | Edad de los Castillos |
| 17:17 | Crear | Villager (Male) |
| 17:18 | Crear | Villager (Male) |
| 17:18 | Crear | Villager (Male) |
| 17:18 | Crear | Villager (Male) |
| 17:27 | Construir | Town Center |
| 18:05 | Construir | Town Center |
| 18:41 | Crear | Villager (Male) |
| 19:37 | Construir | Town Center |
| 20:17 | Construir | Castle |
| 20:33 | Investigar | Fletching |
| 20:33 | Investigar | Fletching |
| 20:33 | Investigar | Fletching |
| 21:11 | Construir | Farm |
| 21:15 | Construir | Mining Camp |
| 21:18 | Crear | Villager (Male) |
| 21:18 | Crear | Villager (Male) |
| 21:19 | Crear | Villager (Male) |
| 21:19 | Crear | Villager (Male) |
| 21:23 | Crear | Villager (Male) |
| 21:23 | Crear | Villager (Male) |
| 21:23 | Crear | Villager (Male) |
| 21:24 | Crear | Villager (Male) |
| 21:24 | Crear | Villager (Male) |
| 21:43 | Construir | Farm |
| 21:47 | Construir | Farm |
| 22:02 | Construir | Farm |
| 22:17 | Investigar | Stone Mining |
| 22:17 | Investigar | Stone Mining |
| 22:17 | Investigar | Stone Mining |
| 22:39 | Crear | Huskarl |
| 22:39 | Crear | Huskarl |
| 22:40 | Crear | Huskarl |
| 22:40 | Crear | Huskarl |
| 23:49 | Construir | Barracks |
| 24:20 | Crear | Spearman |
| 24:20 | Crear | Spearman |
| 24:21 | Crear | Spearman |
Build order — Yuanchi
Primeras 150 de 416 acciones detectadas
| 0:03 | Crear | Villager (Male) ×5 |
| 0:06 | Construir | House |
| 0:07 | Construir | House |
| 0:07 | Construir | House |
| 1:28 | Crear | Villager (Male) |
| 1:53 | Construir | Lumber Camp |
| 2:34 | Crear | Villager (Male) ×2 |
| 2:57 | Crear | Villager (Male) |
| 3:17 | Crear | Villager (Male) |
| 3:53 | Crear | Villager (Male) |
| 3:53 | Crear | Villager (Male) |
| 4:34 | Crear | Villager (Male) |
| 4:34 | Crear | Villager (Male) |
| 4:39 | Construir | House |
| 5:31 | Construir | Mill |
| 5:37 | Crear | Villager (Male) |
| 5:37 | Crear | Villager (Male) |
| 5:46 | Construir | House |
| 6:02 | Crear | Villager (Male) |
| 6:08 | Crear | Villager (Male) |
| 6:37 | Crear | Villager (Male) ×3 |
| 6:48 | Crear | Villager (Male) |
| 7:45 | Investigar | Loom |
| 7:47 | Crear | Villager (Male) |
| 7:50 | Crear | Villager (Male) |
| 8:20 | Construir | Mill |
| 8:39 | Investigar | Feudal Age |
| 8:47 | Construir | Mining Camp |
| 10:18 | Crear | Villager (Male) ×3 |
| 11:11 | Edad | Edad Feudal |
| 11:11 | Investigar | Double-Bit Axe |
| 11:15 | Investigar | Horse Collar |
| 11:18 | Investigar | Gold Mining |
| 11:40 | Construir | House |
| 11:49 | Construir | Farm |
| 11:49 | Construir | Farm |
| 11:49 | Construir | Farm |
| 11:49 | Construir | Farm |
| 11:50 | Construir | Farm |
| 11:50 | Construir | Farm |
| 11:50 | Construir | Farm |
| 11:50 | Construir | Farm |
| 12:34 | Construir | Mining Camp |
| 12:38 | Crear | Villager (Male) ×5 |
| 12:48 | Construir | Blacksmith |
| 13:00 | Construir | Market |
| 15:02 | Construir | House |
| 15:18 | Construir | Barracks |
| 16:12 | Investigar | Castle Age |
| 16:44 | Crear | Villager (Male) |
| 16:44 | Crear | Villager (Male) |
| 17:06 | Construir | Farm |
| 17:06 | Construir | Farm |
| 17:06 | Construir | Farm |
| 17:06 | Construir | Farm |
| 17:06 | Construir | Farm |
| 17:07 | Construir | Farm |
| 17:08 | Construir | Farm |
| 18:06 | Construir | Archery Range |
| 18:37 | Edad | Edad de los Castillos |
| 18:43 | Investigar | Fletching |
| 18:43 | Investigar | Padded Archer Armor |
| 18:58 | Crear | Cavalry Archer ×5 |
| 19:09 | Construir | Mill |
| 19:17 | Crear | Villager (Male) |
| 19:22 | Construir | Town Center |
| 19:36 | Construir | Town Center |
| 20:23 | Construir | House |
| 20:31 | Construir | House |
| 20:39 | Crear | Villager (Male) ×5 |
| 20:44 | Crear | Villager (Male) ×5 |
| 20:49 | Investigar | Bow Saw |
| 21:32 | Construir | Mining Camp |
| 21:43 | Construir | House |
| 21:46 | Crear | Villager (Male) ×5 |
| 21:51 | Construir | Farm |
| 21:51 | Construir | Farm |
| 21:51 | Construir | Farm |
| 21:52 | Construir | Farm |
| 21:52 | Construir | Farm |
| 21:52 | Construir | Farm |
| 21:52 | Construir | Farm |
| 22:01 | Crear | Cavalry Archer |
| 23:12 | Investigar | Wheelbarrow |
| 23:17 | Construir | Farm |
| 23:18 | Construir | Farm |
| 23:18 | Construir | Farm |
| 23:18 | Construir | Farm |
| 23:18 | Construir | Farm |
| 23:19 | Construir | Farm |
| 23:28 | Crear | Villager (Male) |
| 23:29 | Crear | Villager (Male) |
| 23:29 | Crear | Villager (Male) |
| 23:31 | Crear | Villager (Male) ×5 |
| 23:35 | Crear | Villager (Male) |
| 25:02 | Construir | Stable |
| 25:06 | Construir | Stable |
| 25:43 | Construir | Farm |
| 25:44 | Construir | Farm |
| 25:44 | Construir | Farm |
| 25:44 | Construir | Farm |
| 25:44 | Construir | Farm |
| 25:44 | Construir | Farm |
| 25:45 | Construir | Farm |
| 25:48 | Crear | Villager (Male) ×5 |
| 26:07 | Construir | Castle |
| 26:14 | Crear | Knight ×5 |
| 26:21 | Crear | Cavalry Archer ×5 |
| 26:22 | Investigar | Parthian Tactics |
| 26:30 | Construir | House |
| 26:32 | Construir | House |
| 26:33 | Construir | House |
| 26:34 | Construir | House |
| 26:34 | Construir | House |
| 26:40 | Crear | Villager (Male) ×5 |
| 26:43 | Crear | Villager (Male) ×5 |
| 26:59 | Crear | Knight ×5 |
| 27:43 | Investigar | Forging |
| 27:43 | Investigar | Scale Barding Armor |
| 29:02 | Construir | Lumber Camp |
| 29:14 | Crear | Villager (Male) |
| 29:15 | Investigar | Hand Cart |
| 29:21 | Construir | Mining Camp |
| 29:55 | Crear | War Elephant ×5 |
| 30:02 | Investigar | Imperial Age |
| 30:04 | Investigar | Town Watch |
| 30:09 | Crear | Villager (Male) ×4 |
| 30:15 | Construir | Farm |
| 30:15 | Construir | Farm |
| 30:15 | Construir | Farm |
| 30:15 | Construir | Farm |
| 30:16 | Construir | Farm |
| 30:16 | Construir | Farm |
| 30:16 | Construir | Farm |
| 30:16 | Construir | Farm |
| 30:21 | Crear | Villager (Male) |
| 30:32 | Construir | House |
| 30:35 | Construir | House |
| 30:40 | Construir | House |
| 30:45 | Construir | House |
| 31:04 | Investigar | Iron Casting |
| 31:07 | Investigar | Chain Barding Armor |
| 31:55 | Construir | Monastery |
| 31:59 | Crear | Cavalry Archer ×5 |
| 32:05 | Investigar | Bodkin Arrow |
| 32:05 | Investigar | Leather Archer Armor |
| 32:12 | Crear | War Elephant ×2 |
| 32:17 | Crear | War Elephant |
| 32:29 | Crear | Villager (Male) |
| 32:29 | Crear | Villager (Male) |
Cronología de la partida
| 9:34 | kongqman · first_building Barracks |
| 10:53 | vladimir · first_building Barracks |
| 11:05 | COCO · first_building Barracks |
| 11:07 | PokeYourMumMaster · age_up feudal |
| 11:11 | Yuanchi · age_up feudal |
| 11:13 | kongqman · age_up feudal |
| 11:23 | kongqman · first_building Stable |
| 11:50 | 有歪歪来一起吼吼打帝 · age_up feudal |
| 11:52 | vladimir · age_up feudal |
| 12:28 | vladimir · wall_segment Stone Wall x13 |
| 12:32 | vladimir · wall_segment Stone Wall x1 |
| 13:02 | vladimir · first_building Archery Range |
| 13:08 | COCO · age_up feudal |
| 13:19 | COCO · first_building Archery Range |
| 15:05 | 有歪歪来一起吼吼打帝 · first_building Barracks |
| 15:18 | Yuanchi · first_building Barracks |
| 16:00 | vladimir · wall_segment Stone Wall x16 |
| 16:46 | kongqman · first_building Archery Range |
| 17:15 | 有歪歪来一起吼吼打帝 · age_up castle |
| 17:55 | COCO · age_up castle |
| 18:06 | Yuanchi · first_building Archery Range |
| 18:13 | PokeYourMumMaster · age_up castle |
| 18:37 | Yuanchi · age_up castle |
| 18:54 | COCO · wall_segment Stone Wall x4 |
| 18:59 | vladimir · age_up castle |
| 19:21 | kongqman · age_up castle |
| 19:21 | vladimir · first_building Monastery |
| 19:26 | kongqman · first_building Monastery |
| 19:27 | COCO · wall_segment Stone Wall x4 |
| 19:48 | PokeYourMumMaster · first_building Castle |
| 19:54 | COCO · first_building Castle |
| 20:04 | 有歪歪来一起吼吼打帝 · first_market_buy 100 stone |
| 20:17 | 有歪歪来一起吼吼打帝 · first_building Castle |
| 20:26 | COCO · first_building Siege Workshop |
| 20:29 | COCO · first_building Stable |
| 22:34 | PokeYourMumMaster · first_building Monastery |
| 23:44 | COCO · wall_segment Stone Wall x4 |
| 25:02 | Yuanchi · first_building Stable |
| 26:07 | Yuanchi · first_building Castle |
| 27:07 | kongqman · first_building Castle |
| 28:27 | vladimir · first_building Castle |
| 28:43 | PokeYourMumMaster · first_building Barracks |
| 30:19 | PokeYourMumMaster · first_building Stable |
| 31:55 | Yuanchi · first_building Monastery |
| 32:09 | vladimir · first_building Siege Workshop |
| 32:14 | PokeYourMumMaster · age_up imperial |
| 32:16 | kongqman · age_up imperial |
| 32:28 | kongqman · first_building Siege Workshop |
| 32:48 | Yuanchi · age_up imperial |
| 32:58 | vladimir · age_up imperial |
| 33:15 | PokeYourMumMaster · first_building Siege Workshop |
| 40:10 | vladimir · first_building Stable |
| 42:31 | COCO · age_up imperial |
| 42:32 | PokeYourMumMaster · first_market_sell 100 wood |
| 44:26 | vladimir · wall_segment Stone Wall x1 |
| 44:31 | vladimir · wall_segment Stone Wall x1 |
| 46:07 | COCO · first_market_sell 500 food |
| 51:29 | vladimir · tribute_sent a jugador 1 |
| 51:29 | vladimir · tribute_sent a jugador 3 |
| 51:29 | vladimir · tribute_sent a jugador 4 |
| 51:29 | vladimir · tribute_sent a jugador 5 |
| 51:29 | vladimir · tribute_sent a jugador 6 |
| 53:58 | PokeYourMumMaster · wall_segment Stone Wall x1 |
| 54:01 | PokeYourMumMaster · wall_segment Stone Wall x4 |
| 55:20 | vladimir · tribute_sent a jugador 1 |
| 55:20 | vladimir · tribute_sent a jugador 3 |
| 55:20 | vladimir · tribute_sent a jugador 4 |
| 55:20 | vladimir · tribute_sent a jugador 5 |
| 55:20 | vladimir · tribute_sent a jugador 6 |
| 57:56 | vladimir · first_market_sell 100 wood |
| 59:54 | PokeYourMumMaster · first_market_buy 100 stone |
| 60:45 | vladimir · first_market_buy 100 wood |
| 62:02 | kongqman · resign |
[ ANÁLISIS IA · 1 CRÉDITO ]
¿Qué pasó realmente en esta partida?
Wolo.gg analiza cada decisión: build order, eco, micro, errores típicos por bracket. Análisis personalizado por WhatsApp o Discord en 30 segundos.
Guía civ
Celtas
Guía mapa
Arena
Perfil
COCO